 Dungeon Crawl Stone Soup version 0.31-a0-237-g2d982f9f85 (webtiles) character file.

Game seed: 5926647791308232086

9 Iniera the Stinger (level 1, 0/14 HPs)
             Began as a Demigod Venom Mage on July 12, 2023.
             Slain by Natasha (7 damage)
             ... on level 2 of the Dungeon.
             The game lasted 00:00:38 (1032 turns).

Iniera the Stinger (Demigod Venom Mage)             Turns: 1032, Time: 00:00:39

Health: 0/14       AC:  2    Str:  9    XL:     1   Next: 86%
Magic:  3/5        EV: 12    Int: 17    God:
Gold:   65         SH:  0    Dex: 14    Spells: 2/3 levels left

rFire   . . .        c - +0 dagger (freeze)
rCold   . . .        (no shield)
rNeg    . . .        a - +0 robe
rPois   .            (no helmet)
rElec   .            (no cloak)
rCorr   .            (no gloves)
SInv    .            (no boots)
Will    .....        (no amulet)
Stlth   ++           (no ring)
HPRegen 0.22/turn    (no ring)
MPRegen 0.09/turn

%: no passive effects
@: no status effects
A: high MP 1, forlorn, divine attributes
a: no special abilities


You were on level 2 of the Dungeon.
You visited 1 branch of the dungeon, and saw 2 of its levels.

You collected 65 gold pieces.

Inventory:

Hand Weapons
 c - a +0 dagger of freezing (weapon)
Armour
 a - a +0 robe (worn)
Jewellery
 e - an amulet of reflection
Scrolls
 d - a scroll of revelation {unknown}
 f - a scroll of identify {unknown}
Potions
 b - a potion of magic
 g - a potion of attraction {unknown}


   Skills:
 - Level 1.7 Dodging
 - Level 1.7 Stealth
 + Level 1.9 Spellcasting
 + Level 0.4 Conjurations
 + Level 1.1 Transmutations
 + Level 0.4 Air Magic
 + Level 2.8 Poison Magic


You had 2 spell levels left.
You knew the following spells:

 Your Spells              Type           Power      Damage    Failure   Level
a - Sting                 Tmut/Pois      32%        1d4       9%          1

Your spell library contained the following spells:

 Spells                   Type           Power      Damage    Failure   Level
 Poisonous Vapours        Pois/Air       14%        N/A       16%         2
 Mephitic Cloud           Conj/Pois/Air  5%         N/A       34%         3
 Olgreb's Toxic Radiance  Pois           11%        N/A       52%         4
 Fireball                 Conj/Fire      1%         3d3       99%         5
 Iskenderun's Battlesphe  Conj           3%         2d6       99%         5
 Conjure Ball Lightning   Conj/Air       1%         3x3d6     100%        6
 Orb of Destruction       Conj           1%         9d5       100%        7


Dungeon Overview and Level Annotations

Branches:
Dungeon (2/15)

Shops:
D:1 [

Annotations:
D:2 Natasha


Innate Abilities, Weirdness & Mutations

You have an increased reservoir of magic. (+10% MP)
You shall have no god before yourself.
Your divine heritage dramatically boosts your attributes as you level up.


Message History

There is an open door here.
There is a stone staircase leading down here.
You climb downwards.
There is a stone staircase leading up here.
Found a stone staircase leading up.
g - a silvery potion No target in view!
You can't see any susceptible monsters within range! (Use Z to cast anyway.)
Found a stone staircase leading down.
There is a stone staircase leading up here.
A giant cockroach comes into view.
You can't see any susceptible monsters within range! (Use Z to cast anyway.)
You can't see any susceptible monsters within range! (Use Z to cast anyway.)
You can't see any susceptible monsters within range! (Use Z to cast anyway.)
You can't see any susceptible monsters within range! (Use Z to cast anyway.)
The sting hits the giant cockroach but does no damage.
The giant cockroach is poisoned.
The giant cockroach barely misses you.
The sting misses the giant cockroach.
The giant cockroach misses you.
The sting hits the giant cockroach.
The giant cockroach looks even sicker.
You kill the giant cockroach!
Magic restored.
Natasha, Servant of Life and Death comes into view.
Natasha is nearby!
Natasha hisses angrily.
The sting hits Natasha.
Natasha is poisoned.
Natasha is lightly wounded.
Natasha claws you!
Ouch! That really hurt!
You are too injured to fight recklessly!
You are too injured to fight recklessly!
You are too injured to fight recklessly!
You are too injured to fight recklessly!
Aiming: Sting (safe; 9% risk of failure)
Press: ? - help, Q - select action Shift-Dir - straight line, f/p - Natasha
Aim: Natasha (moderately wounded, poisoned, 60% to hit)
The sting hits Natasha.
Natasha looks even sicker.
Natasha is heavily wounded.
Natasha claws you!
Ouch! That really hurt!
You die...

###...###.# #.#
..........####.#####.##
###...##.<............#
##.####...........#.#
#.#########.####...#
#.##..............##
#.##.######.####### #.
#.####### #. #..@h...#
######...# ... #


You could see Natasha (very poisoned).

Vanquished Creatures
  A ball python (D:1)
  A giant cockroach (D:2)
  A goblin (D:1)
  2 kobolds (D:1)
  2 bats (D:1)
  2 rats (D:1)
9 creatures vanquished.

Notes
Turn   | Place    | Note
-------+----------+-------------------------------------------
     0 | D:1      | Iniera the Demigod Venom Mage began the quest for the Orb.
     0 | D:1      | Reached XP level 1. HP: 14/14 MP: 5/5
   143 | D:1      | Found Edereg's Antique Armour Boutique.
   179 | D:1      | Reached skill level 1 in Transmutations
  1028 | D:2      | Noticed Natasha
  1032 | D:2      | Slain by Natasha

Illustrated notes

Levels and vault maps discovered:
D:1:      psy_arrival_terrarium, layout_loops_corners, serial_shops,
          nicolae_shop_crystal
D:2:      layout_loops_ring, uniq_sigmund, uniq_natasha

Skill      XL: |  1 |
---------------+----+-----
Transmutations | 1 |  1.1
Dodging        | |  1.7
Stealth        | |  1.7
Spellcasting   | |  1.9
Conjurations   | |  0.4
Air Magic      | |  0.4
Poison Magic   | |  2.8

Action                     || total
---------------------------++-------
  Melee: Unarmed           ||     1
   Cast: Sting             ||    18
 Armour: Robe              ||     2
  Dodge: Dodged            ||     7

Table legend: (Time is in decaauts)
 A = Elapsed time spent in this place.
 B = Non-inter-level travel time spent in this place.
 C = Inter-level travel time spent in this place.
 D = Time resting spent in this place.
 E = Time spent auto-exploring this place.
 F = Levels seen in this place.
 G = Mean time per level.
                   A        B        C        D        E       F      G
               +--------+--------+--------+--------+--------+-----+--------+
         Total |   1031 |   1016 |     15 |      0 |    948 |   2 |  515.5 |
       Dungeon |   1031 |   1016 |     15 |      0 |    948 |   2 |  515.5 |
               +--------+--------+--------+--------+--------+-----+--------+

Top non-repeatable levels by time:
     D:1: 969 daAuts
     D:2: 61 daAuts
